 Dungeon Crawl Stone Soup version 0.17.2-1-ge4368a0 (webtiles) character file.

187 epen the Ruffian (level 5, -7/42 HPs)
             Began as a Formicid Monk on Sept 27, 2016.
             Was a Follower of Ru.
             Mangled by an ogre
             ... wielding a +0 giant spiked club
              (29 damage)
             ... on level 4 of the Dungeon.
             The game lasted 00:03:53 (2730 turns).

epen the Ruffian (Formicid Monk)                    Turns: 2730, Time: 00:03:54

Health: -7/42      AC:  8    Str: 16    XL:     5   Next: 99%
Magic:  5/5        EV: 12    Int: 10    God:    Ru [*.....]
Gold:   211        SH:  0    Dex: 13    Spells: 0 memorised, 4 levels left

rFire  . . .     SeeInvis +       - Unarmed
rCold  . . .     Clarity  .     k - +0 ring mail
rNeg   . . .     SustAt   .     (no shield)
rPois  .         Gourm    .     (helmet unavailable)
rElec  .         Spirit   .     o - -2 cloak (curse)
rCorr  .         Warding  .     p - +2 pair of gloves
rMut   .         Stasis   +     i - +0 pair of boots
MR     .....                    (no amulet)
Stlth  +.........               (no ring)
                                (no ring)

@: not resistant to hostile enchantments, very unstealthy
A: permanent stasis, dig shafts and tunnels, four strong arms, antennae 3, hated
by all
a: Dig, Shaft Self, Renounce Religion


You were on level 4 of the Dungeon.
You worshipped Ru.
Ru was aware of your devotion.
You were not hungry.

You visited 1 branch of the dungeon, and saw 4 of its levels.

You collected 211 gold pieces.

Inventory:

Missiles
 v - 2 throwing nets (quivered)
Armour
 a - a +0 robe
 i - a +0 pair of boots (worn)
 k - a +0 ring mail (worn)
 o - a cursed -2 cloak (worn)
 p - a +2 pair of gloves (worn)
Jewellery
 c - an uncursed ring of fire
 j - an uncursed ring of ice
Scrolls
 e - 2 scrolls of recharging
 f - a scroll of identify
 g - 3 scrolls of remove curse {unknown}
 l - a scroll of amnesia {unknown}
 u - a scroll of fog {unknown}
 x - 2 scrolls of noise {unknown}
Potions
 q - 3 potions of lignification
 s - 2 potions of flight
 t - a potion of agility {unknown}
Comestibles
 b - 7 bread rations
 d - 3 beef jerkies
 h - 2 fruits
 n - a royal jelly
 w - a meat ration


   Skills:
 + Level 4.1 Fighting
 * Level 4.2 Dodging
 - Level 2.4 Stealth
 * Level 5.2 Unarmed Combat


You had 4 spell levels left.
You didn't know any spells.

Dungeon Overview and Level Annotations

Branches:
Dungeon (4/15)
 Temple: D:4-7

Altars:
Ru


Innate Abilities, Weirdness & Mutations

You are under a permanent stasis effect.
You can dig through walls and to a lower floor.
Your four strong arms can wield two-handed weapons with a shield.
You have a pair of large antennae on your head (SInv).
You are hated by all.


Message History

You continue taking off your +0 robe. x3
You finish taking off your +0 robe.
You start putting on your armour.
You continue putting on your ring mail.
You continue putting on your ring mail. x4
You finish putting on your +0 ring mail.
You see here a leather armour.
A giant newt comes into view.
A giant newt is nearby!
An ogre comes into view. It is wielding a giant spiked club.
The ogre shouts!
Found a stone staircase leading up.
The giant newt bites you but does no damage.
You hit the giant newt.
You kill the giant newt!
The ogre hits you with a giant spiked club!
You hit the ogre.
The ogre is lightly wounded.
The ogre hits you with a giant spiked club!!
Ouch! That really hurt!
You die...

....####................
.#..####.......<.......#
#..#.b#.#..............
#. ####...............#
#..####.#####..#.......
#......................
#.###.#................
#...........#..###....#
###.#.@....... ..###
#.....#O######. #
#.......#...
###.#.#.#.....
#.#.#.#......# #
#.#.#..<...+
#.#.#......# .........#


You could see an ogre.

Vanquished Creatures
  A worker ant (D:4)
  4 adders
  4 gnolls (D:3)
  An ooze (D:2)
  3 worms
  2 giant geckos
  7 orcs
  2 ball pythons
  5 giant cockroaches
  12 hobgoblins
  8 kobolds
  4 bats
  3 giant newts
  4 goblins (D:1)
  2 jackals (D:3)
  8 rats
70 creatures vanquished.

Vanquished Creatures (others)
  A hobgoblin (D:3)
  4 fungi (D:4)
5 creatures vanquished.

Grand Total: 75 creatures vanquished

Notes
Turn   | Place    | Note
--------------------------------------------------------------
     0 | D:1      | epen the Formicid Monk began the quest for the Orb.
     0 | D:1      | Reached XP level 1. HP: 18/18 MP: 1/1
   114 | D:1      | Reached XP level 2. HP: 18/24 MP: 2/2
   523 | D:1      | Reached XP level 3. HP: 26/29 MP: 3/3
  1164 | D:2      | Reached XP level 4. HP: 24/37 MP: 4/4
  1958 | D:3      | Found a sacrificial altar of Ru.
  1990 | D:3      | Became a worshipper of Ru the Awakened
  2000 | D:3      | Gained mutation: You are hated by all. [Ru sacrifice]
  2000 | D:3      | Reached * piety under Ru
  2045 | D:3      | Reached XP level 5. HP: 42/42 MP: 5/5
  2127 | D:3      | Reached skill level 5 in Unarmed Combat
  2725 | D:4      | Noticed an ogre
  2730 | D:4      | Mangled by an ogre

Action                   |  1- 3 |  4- 6 || total
-------------------------+-------+-------++-------
Melee: Unarmed           |    98 |   173 ||   271
Invok: Sacrifice Love    |       |     1 ||     1
  Use: Potion            |     1 |       ||     1
       Scroll            |       |     7 ||     7
 Stab: Sleeping          |     4 |     7 ||    11
       Distracted        |       |     1 ||     1
  Eat: Chunk             |       |     6 ||     6
